 Dungeon Crawl Stone Soup version 0.21-a0-72-gbbb65ab (webtiles) character file.

7287 grindst0ne the Protected (level 11, 0/81 HPs)
             Began as a Formicid Fighter on June 20, 2017.
             Was an Initiate of Gozag.
             Slain by a chaos spawn (5 damage)
             ... on level 10 of the Dungeon.
             The game lasted 00:19:30 (11431 turns).

grindst0ne the Protected (Formicid Fighter)        Turns: 11431, Time: 00:19:31

Health: 0/81       AC: 15    Str: 21    XL:     11   Next: 34%
Magic:  13/17      EV:  2    Int:  8    God:    Gozag
Gold:   605        SH:  0    Dex: 13    Spells: 10/10 levels left

rFire    + + .     SeeInvis +   S - +2 mace of Doors {venom, rElec rF++ rC++}
rCold    + + +     Gourm    +   c - +0 shield
rNeg     + + +     Faith    .   b - +0 scale mail
rPois    ∞         Spirit   .   (helmet unavailable)
rElec    +         Reflect  .   O - +0 cloak
rCorr    .         Harm     .   R - +0 pair of gloves "Zaidocos" {SInv Stlth+}
MR       +....                  t - +1 pair of boots
Stlth    +.........             h - amulet of the gourmand
HPRegen  0.23/turn              l - ring of protection from cold
MPRegen  0.15/turn              (no ring)

@: lethally poisoned (0 -> 0), petrified, gold aura
A: permanent stasis, dig shafts and tunnels, four strong arms, antennae 3
a: Dig, Shaft Self, Potion Petition, Call Merchant, Bribe Branch, Renounce
Religion


You were on level 10 of the Dungeon.
You worshipped Gozag.
Gozag was pleased with you.
You were hungry.

You visited 2 branches of the dungeon, and saw 11 of its levels.

You collected 1710 gold pieces.
You spent 551 gold pieces at shops.
You paid 554 gold pieces to Gozag.

Inventory:

Hand Weapons
 a - a +0 war axe
 f - a +2 great sword
 S - the +2 mace of Doors (weapon) {venom, rElec rF++ rC++}
   (You found it on level 10 of the Dungeon)

   It poisons the flesh of those it strikes.
   It greatly protects you from fire.
   It greatly protects you from cold.
   It insulates you from electricity.
Armour
 b - a +0 scale mail (worn)
 c - a +0 shield (worn)
 t - a +1 pair of boots (worn)
 O - a +0 cloak (worn)
 R - the +0 pair of gloves "Zaidocos" (worn) {SInv Stlth+}
   (You bought it in a shop on level 9 of the Dungeon)

   It lets you see invisible.
   It makes you more stealthy.
Jewellery
 h - an amulet of the gourmand (around neck)
 l - a ring of protection from cold (left hand)
 N - a +3 ring of strength {unknown}
 T - a +3 ring of protection {unknown}
Wands
 d - a wand of paralysis (9/24)
 m - a wand of iceblast (3/15)
 z - a wand of acid (2/15)
 B - a wand of lightning (3/15)
 I - a wand of lightning (6/15)
Scrolls
 j - 8 scrolls of remove curse
 k - 2 scrolls of magic mapping
 n - 3 scrolls of recharging {unknown}
 o - 3 scrolls of noise {unknown}
 q - 3 scrolls of enchant armour
 u - 2 scrolls of fog {unknown}
 x - a scroll of teleportation {unknown}
 y - 3 scrolls of fear {unknown}
 F - a scroll of brand weapon {unknown}
 G - 5 scrolls of enchant weapon {unknown}
 H - a scroll of immolation {unknown}
Potions
 e - 2 potions of flight
 g - a potion of resistance
 i - 7 potions of lignification
 p - a potion of brilliance {unknown}
 r - 5 potions of mutation
 v - 3 potions of agility {unknown}
 A - 2 potions of heal wounds {unknown}
 C - a potion of berserk rage {unknown}
 D - a potion of might
 L - a potion of haste {unknown}
 M - a potion of magic {unknown}
 Q - a potion of cancellation {unknown}
Books
 E - a book of Misfortune

   Spells                             Type                      Level
   a - Confusing Touch                Hexes                        1
   b - Confuse                        Hexes                        3
   c - Gell's Gravitas                Translocation                3
   d - Petrify                        Transmutation/Earth          4
   e - Metabolic Englaciation         Hexes/Ice                    5
   f - Yara's Violent Unravelling     Hexes/Transmutation          5
 P - a book of Callings

   Spells                             Type                      Level
   a - Summon Small Mammal            Summoning                    1
   b - Call Imp                       Summoning                    2
   c - Call Canine Familiar           Summoning                    3
   d - Summon Guardian Golem          Hexes/Summoning              3
   e - Summon Lightning Spire         Summoning/Air                4
   f - Summon Ice Beast               Ice/Summoning                4
Comestibles
 s - 3 royal jellies
 w - 3 meat rations
 J - 4 bread rations
 K - 4 fruits


   Skills:
 + Level 6.2 Fighting
 - Level 2.0 Axes
 + Level 14.0 Armour
 - Level 7.1 Shields
 - Level 8.6 Evocations


You had 10 spell levels left.
You didn't know any spells.

Dungeon Overview and Level Annotations

Branches:
Dungeon (10/15)            Temple (1/1) D:4             Orc (0/2) D:9
   Lair: D:8-11

Altars:
Ashenzari
Cheibriados
Dithmenos
Elyvilon
Fedhas
Gozag
Hepliaklqana
Kikubaaqudgha
Makhleb
Nemelex Xobeh
Okawaru
Qazlal
Ru
Sif Muna
Trog
Uskayaw
Vehumet
Wu Jian
Xom
Yredelemnul
Zin
The Shining One
Beogh

Shops:
D:5 }   D:6 [   D:9 [   D:10 %


Innate Abilities, Weirdness & Mutations

You cannot be hasted, slowed, berserked, paralysed or teleported.
You can dig through walls and to a lower floor.
Your four strong arms can wield two-handed weapons with a shield.
You have a pair of large antennae on your head. (SInv)


Message History

An orc wizard comes into view. It is wielding a dagger.
The chaos spawn gores you.
* * * LOW HITPOINT WARNING * * *
Your stasis prevents you from being hasted.
The orc wizard gestures wildly while chanting.
The orc wizard seems to speed up.
The chaos spawn gores you but does no damage.
The orc wizard gestures wildly while chanting.
The orc wizard flickers and vanishes for a moment.
The chaos spawn barely misses you.
The chaos spawn gores you but does no damage.
The chaos spawn hits you.
You are engulfed in flames.
You resist.
* * * LOW HITPOINT WARNING * * *
The orc priest invokes the aid of Beogh against you.
Beogh smites you!
* * * LOW HITPOINT WARNING * * *
The chaos spawn hits you but does no damage.
The chaos spawn hits you!
You die...
Your body crumbles into a pile of gold.

##.8#.#.#........#
.....##.#........#
.8.∩.8..###..#####
.............#
.#.8.##.##...#
<...##..##..####
##.....###.....##
#.....# ##^##..##
.....######.###4@#
##.#.........##4##
#. #......o#
##.o.o### #......#
....##.#..# ... ..
..# .⌠ .[. ..#
.... ..#


You could see 2 chaos spawn, an orc priest, an orc wizard (invisible) and an
orc.

Vanquished Creatures
  Erolcha (D:10)
  2 two-headed ogres
  The ghost of sergedm the Eclecticist, a journeyman DECj of Vehumet (D:10)
  A troll (D:10)
  Grinder (D:3)
  A hippogriff (D:8)
  A wraith (D:10)
  4 yaks (D:9)
  Menkaure (D:4)
  A chaos spawn (D:10)
  An orc warrior (D:10)
  2 sky beasts
  A black bear (D:6)
  2 ice beasts (D:7)
  A necrophage (D:9)
  4 ogres
  A centaur (D:8)
  4 bullfrogs
  2 big kobolds (D:9)
  A scorpion (D:6)
  A wyvern skeleton (D:8)
  4 wights
  2 jellies
  7 crimson imps
  A bullfrog zombie (D:8)
  2 hounds
  A gnoll shaman (D:9)
  8 orc wizards
  5 orc priests
  3 iguanas
  Jessica (D:3)
  3 bullfrog skeletons
  5 worker ants
  A killer bee zombie (D:6)
  A hound zombie (D:7)
  A worker ant zombie (D:5)
  Robin (D:2)
  8 gnolls
  9 adders
  A shadow imp (D:10)
  An ooze (D:1)
  A worm (D:1)
  3 dart slugs
  4 leopard geckos
  25 orcs
  8 bats
  8 giant cockroaches
  13 goblins
  3 hobgoblins
  17 jackals
  4 quokkas
  5 ball pythons
  2 frilled lizards
  2 giant cockroach zombies
  2 goblin skeletons (D:6)
  3 goblin zombies (D:6)
  4 hobgoblin zombies
  25 kobolds
  A kobold zombie (D:6)
  3 orc zombies (D:6)
  11 rats
243 creatures vanquished.

Notes
Turn   | Place    | Note
-------+----------+-------------------------------------------
     0 | D:1      | grindst0ne the Formicid Fighter began the quest for the Orb.
     0 | D:1      | Reached XP level 1. HP: 18/18 MP: 1/1
   126 | D:1      | Reached XP level 2. HP: 21/24 MP: 2/2
   490 | D:1      | Reached XP level 3. HP: 29/29 MP: 3/3
  1181 | D:2      | Reached skill level 4 in Armour
  1213 | D:2      | Reached XP level 4. HP: 32/35 MP: 4/4
  1251 | D:2      | Found a basalt altar of Yredelemnul.
  1271 | D:2      | Reached skill level 5 in Shields
  1286 | D:2      | Found a hazy altar of Hepliaklqana.
  1335 | D:2      | Found a faded altar of an unknown god.
  1466 | D:2      | Noticed Robin
  1491 | D:2      | Killed Robin
  1517 | D:2      | Reached XP level 5. HP: 16/41 MP: 5/5
  2431 | D:3      | Noticed Grinder
  2465 | D:3      | Killed Grinder
  2465 | D:3      | Reached skill level 5 in Armour
  2465 | D:3      | Reached XP level 6. HP: 15/47 MP: 6/6
  2769 | D:3      | Noticed Jessica
  2769 | D:3      | Reached XP level 7. HP: 51/52 MP: 7/7
  2776 | D:3      | Killed Jessica
  3017 | D:4      | Reached skill level 6 in Armour
  3172 | D:4      | Noticed Menkaure
  3181 | D:4      | Killed Menkaure
  3181 | D:4      | Reached skill level 7 in Armour
  3372 | D:4      | Found a bloodstained altar of Trog.
  3615 | D:4      | Found a staircase to the Ecumenical Temple.
  3659 | Temple   | Entered the Ecumenical Temple
  3733 | Temple   | Became a worshipper of Gozag Ym Sagoz the Greedy
  3773 | D:5      | Entered Level 5 of the Dungeon
  3841 | D:5      | Reached XP level 8. HP: 55/58 MP: 8/8
  3974 | D:5      | Reached skill level 8 in Armour
  4102 | D:5      | Found Teluajut's Gadget Boutique.
  4162 | D:5      | Found a sacrificial altar of Ru.
  4689 | D:6      | Reached skill level 9 in Armour
  4774 | D:6      | Found Imotai's Armour Boutique.
  5214 | D:6      | Found a shadowy altar of Dithmenos.
  5257 | D:6      | Reached skill level 10 in Armour
  5279 | D:6      | Found a deep blue altar of Sif Muna.
  5364 | D:6      | Found a glowing golden altar of the Shining One.
  5399 | D:6      | Reached XP level 9. HP: 41/64 MP: 9/9
  5719 | D:7      | Reached skill level 1 in Evocations
  5986 | D:7      | Found a shimmering altar of Xom.
  6020 | D:7      | Found an iron altar of Okawaru.
  6240 | D:7      | Reached skill level 11 in Armour
  6628 | D:8      | Noticed a two-headed ogre
  6632 | D:8      | Killed a two-headed ogre
  6632 | D:8      | Reached skill level 5 in Evocations
  7331 | D:8      | Reached XP level 10. HP: 34/70 MP: 14/14
  7332 | D:8      | Reached skill level 12 in Armour
  8740 | D:8      | Found an ornate altar of the Wu Jian Council.
  8877 | D:9      | Found a staircase to the Orcish Mines.
  8890 | D:9      | Found a roughly hewn altar of Beogh.
  9056 | D:9      | Noticed a two-headed ogre
  9064 | D:9      | Killed a two-headed ogre
  9474 | D:9      | Reached skill level 13 in Armour
 10516 | D:9      | Bought a pair of pitted gloves for 313 gold pieces
 10521 | D:9      | Identified the +0 pair of gloves "Zaidocos" {SInv Stlth+} (You bought it in a shop on level 9 of the Dungeon)
 10547 | D:10     | Entered Level 10 of the Dungeon
 10552 | D:10     | Found Laemu's Food Emporium.
 10554 | D:10     | Got a jewelled mace
 10579 | D:10     | Reached XP level 11. HP: 65/76 MP: 17/17
 10589 | D:10     | Bought a royal jelly for 28 gold pieces
 10589 | D:10     | Bought a bread ration for 70 gold pieces
 10589 | D:10     | Bought a bread ration for 70 gold pieces
 10589 | D:10     | Bought a meat ration for 70 gold pieces
 10595 | D:10     | Noticed sergedm's ghost (journeyman DECj)
 10630 | D:10     | Killed sergedm's ghost
 10641 | D:10     | HP: 1/78 [troll (7)]
 10646 | D:10     | HP: 2/78 [troll (6)]
 10932 | D:10     | Reached skill level 5 in Fighting
 11260 | D:10     | Noticed Erolcha
 11271 | D:10     | Killed Erolcha
 11271 | D:10     | Reached skill level 14 in Armour
 11401 | D:10     | Identified the +2 mace of Doors {venom, rElec rF++ rC++} (You found it on level 10 of the Dungeon)
 11415 | D:10     | Found a shimmering altar of Xom.
 11431 | D:10     | Slain by a chaos spawn

Vault maps used:
D:1:      evilmike_arrival_run_for_it
D:2:      old_standard_altar, nicolae_overflow_crystal_walls,
          chequers_ecumenical_altar_island, minmay_misc_feat_pillars, uniq_robin
D:3:      first_bread, uniq_grinder, uniq_jessica
D:4:      lightli_temple_of_fire, minmay_temple_entry_overgrown, uniq_menkaure
D:5:      nicolae_ru_great_annihilating_truth, serial_shops, shop
D:6:      kennysheep_little_box, nicolae_overflow_hidden_temple, serial_shops,
          shop, nicolae_tso_besieged_by_evil
D:7:      kennysheep_okawaru_gauntlet, marbit_many_paths
D:8:      lemuel_doored_altar
D:9:      minmay_orc_entry_temple_small
D:10:     basic_altar, serial_shops, nicolae_shop_statue_plus,
          minmay_item_behind_shaft, minmay_guarded_unrand_variability,
          uniq_erolcha
Temple:   cyrus_circular_temple

Skill      XL: |  1  2  3  4  5  6  7  8  9 10 11 |
---------------+----------------------------------+-----
Shields        | 4 5 7 |  7.1
Armour         | 4 5 7 10 11 13 14 | 14.0
Evocations     | 5 8 |  8.6
Fighting       | 6 |  6.2
Axes           | |  2.0

Action                   |  1- 3 |  4- 6 |  7- 9 | 10-12 || total
-------------------------+-------+-------+-------+-------++-------
Melee: War axe           |   129 |   161 |   466 |    67 ||   823
       Great sword       |       |       |       |   280 ||   280
       Mace              |       |       |       |     4 ||     4
Invok: Call Merchant     |       |       |       |     1 ||     1
 Abil: Dig               |       |       |     6 |    19 ||    25
Evoke: Wand              |       |       |     2 |     2 ||     4
  Use: Potion            |       |     1 |       |     5 ||     6
       Scroll            |       |       |     5 |     3 ||     8
 Stab: Paralysed         |       |       |     2 |    10 ||    12
       Distracted        |       |       |       |     2 ||     2
  Eat: Chunk             |    10 |     6 |     2 |       ||    18
       Bread ration      |       |       |     2 |     1 ||     3
       Meat ration       |       |       |       |     1 ||     1
       Royal jelly       |       |       |       |     2 ||     2
Armor: Scale mail        |    69 |    82 |   206 |   188 ||   545
Dodge: Dodged            |    60 |    54 |   174 |   157 ||   445
Block: Shield            |    79 |   118 |   278 |   273 ||   748
       Rpst.: Great sword |       |       |       |    39 ||    39
